 Dungeon Crawl Stone Soup version 0.31-a0-174-g85c54bcb58 (webtiles) character file.

Game seed: 16366360149328546974

29330 qw the Skirmisher (level 13, -4/124 HPs)
             Began as a Naga Hunter on June 15, 2023.
             Was a High Priest of Okawaru.
             Slain by a cane toad (10 damage)
             ... on level 5 of the Lair of Beasts.
             The game lasted 00:08:19 (18289 turns).

qw the Skirmisher (Naga Hunter)                    Turns: 18289, Time: 00:08:20

Health: -4/124     AC: 18    Str: 22 (23) XL:     13   Next: 44%
Magic:  19/20      EV: 16    Int: 14      God:    Okawaru [*****.]
Gold:   1286       SH:  0    Dex: 22      Spells: 12/12 levels left

rFire   + . .        s - +4 arbalest (flame)
rCold   . . .        (shield currently unavailable)
rNeg    . . .        q - +1 robe "Tonevyff" {Will++ rCorr}
rPois   +            (helmet restricted)
rElec   .            p - +1 cloak
rCorr   +            a - +0 pair of gloves
SInv    +            k - +2 barding "Put-Me-On" {Str+3 Dex+5}
Will    +++..        (no amulet)
Stlth   ++++         f - +6 ring of strength
HPRegen 0.40/turn    m - ring of protection from fire
MPRegen 0.17/turn

%: no passive effects
@: lethally poisoned (-4 -> -9), about to teleport, heroic, very slow
A: AC +4, large, see invisible, deformed body, poison resistance, slowness 2,
spit poison 1, naga tail 2, horns 1, clever 1, deterioration 1
a: Spit Poison, Renounce Religion, Heroism, Finesse, Duel


You were on level 5 of the Lair of Beasts.
You worshipped Okawaru.
Okawaru was extremely pleased with you.
You visited 2 branches of the dungeon, and saw 16 of its levels.

You collected 1286 gold pieces.


Innate Abilities, Weirdness & Mutations

Your serpentine skin is tough. (AC +4)
You have supernaturally acute eyesight. (SInv)
Armour fits poorly on your strangely shaped body.
Your system is resistant to poisons. (rPois)
You cover ground very slowly.
You can spit poison.
You can use your snake-like lower body to constrict enemies.
You have a pair of small horns on your head.
Your mind is acute. (Int +4, Str/Dex -1)
Your body sometimes deteriorates upon taking damage.


   Skills:
 - Level 10.5(15.5) Fighting
 + Level 14.4(19.4) Ranged Weapons
 - Level 4.0(9.0) Armour
 - Level 7.0(12.0) Dodging
 - Level 1.5(6.5) Stealth
 - Level 10.1 Invocations


You had 12 spell levels left.
You didn't know any spells.
Your spell library was empty.

Inventory:

Hand Weapons
 s - a +4 arbalest of flaming (weapon)
Armour
 a - a +0 pair of gloves (worn)
 h - a +0 troll leather armour
 k - the +2 barding "Put-Me-On" (worn) {Str+3 Dex+5}
   (You found it on level 5 of the Dungeon)

   Str:       It affects your strength (+3).
   Dex:       It affects your dexterity (+5).
 p - a +1 cloak (worn)
 q - the +1 robe "Tonevyff" (worn) {Will++ rCorr}
   (You found it on level 8 of the Dungeon)

   rCorr:     It protects you from acid and corrosion.
   Will:      It greatly increases your willpower.
Jewellery
 f - a +6 ring of strength (left hand)
 g - a ring of fire
 i - a ring of ice
 l - a ring of resist corrosion
 m - a ring of protection from fire (right hand)
 n - a ring of ice
Scrolls
 j - 5 scrolls of teleportation
 u - a scroll of identify
Potions
 b - 4 potions of curing
 c - a potion of magic
 d - 3 potions of haste
 e - 2 potions of might
 o - 2 potions of mutation
 r - a potion of cancellation
 t - a potion of attraction {unknown}
 v - a potion of invisibility {unknown}

Dungeon Overview and Level Annotations

Branches:
Dungeon (11/15)            Temple (0/1) D:6            Lair (5/5) D:11
  Swamp (0/4) Lair:2        Snake (0/4) Lair:2        Slime (0/5) Lair:4
    Orc: D:9-12

Altars:
Elyvilon
Fedhas
Gozag
Hepliaklqana
Nemelex Xobeh
Okawaru
Ru
Trog
Vehumet
Wu Jian
Xom
Zin
Jiyva

Shops:
D:4 :   D:10 *

Annotations:
D:3 3 runed translucent doors, qw's ghost, amateur GrHu
D:10 1 runed translucent door, qw's ghost, novice NaHu
Lair:2 2 transporters
Lair:4 1 runed translucent door, qw's ghost, journeyman GrHu


Message History

The water moccasin bites the plant.
The black mamba bites you but does no damage.
The wyvern bites you but does no damage.
The yak gores you but does no damage. The cane toad closely misses you.
You shoot a bolt. The bolt hits the wyvern!!
The bolt burns the wyvern.
The wyvern is severely wounded.
You feel very sick.
The water moccasin bites the plant.
The black mamba misses you. The wyvern closely misses you.
The black mamba bites you but does no damage.
The water moccasin bites the plant!
The plant is poisoned.
The water moccasin poisons the plant!
The cane toad stings you. The yak gores you!
You shoot a bolt. The bolt hits the wyvern!
The bolt burns the wyvern.
You kill the wyvern!
Okawaru accepts your kill.
You feel very sick. The black mamba barely misses you.
The water moccasin bites the plant.
The plant looks as sick as possible!
The water moccasin poisons the plant!
The cane toad barely misses you. The black mamba closely misses you.
The yak gores you but does no damage.
You shoot a bolt. The bolt hits the black mamba!
The bolt burns the black mamba.
The black mamba is heavily wounded.
You feel sick.
A nearby plant withers and dies.
The cane toad closely misses you. The yak misses you.
You shoot a bolt. The bolt hits the black mamba!!
The bolt burns the black mamba.
You kill the black mamba!
Okawaru accepts your kill.
You feel very sick. The cane toad stings you. The water moccasin bites you.
The yak gores you but does no damage.
18289 ||| READING 6 scrolls of teleportation.
As you read the scroll of teleportation, it crumbles to dust.
You feel strangely unstable.
You feel sick. The water moccasin barely misses you. The cane toad stings you!
Your body deteriorates!
You feel weakened.
The water moccasin barely misses you. x2; The yak gores you.
The cane toad stings you!
You die...

###P.#.##..##
##....##....#
#......#...##
....PP.....#
.....P#...##
...###..###
.###.P.#.#
##....F###
#....P.Y@#
.......SS#
........##
#....P...
###....%.
###.P..
###..# ..


You could see a yak, a cane toad and 2 water moccasins.

Vanquished Creatures
  A hydra (Lair:4)
  Erica (Lair:2)
  A two-headed ogre (D:10)
  3 death yaks (Lair:1)
  A boulder beetle (Lair:3)
  Amaemon (D:11)
  A bog body (Lair:2)
  A cyclops (D:11)
  A salamander (Lair:2)
  Joseph (D:10)
  4 black mambas
  An orange demon (D:11)
  A gargoyle (D:10)
  8 cane toads
  4 rime drakes
  A kobold demonologist (D:10)
  6 komodo dragons
  3 trolls
  9 blink frogs
  A shadow (D:9)
  A wraith (D:11)
  A vampire (D:11)
  6 wyverns
  A water elemental (D:11)
  23 yaks
  6 basilisks
  4 vampire mosquitoes (D:11)
  3 steam dragons
  13 water moccasins
  5 orc warriors
  A sky beast (D:7)
  10 ice beasts
  3 black bears
  12 wolves
  14 bullfrogs
  Blork the orc (D:6)
  2 kobold brigands
  4 scorpions
  10 wights
  9 killer bees (D:7)
  An electric eel (Lair:4)
  3 howler monkeys (D:10)
  3 lava snakes (Lair:2)
  6 hounds
  A jelly (D:6)
  5 orc priests
  2 gnoll boudas
  7 orc wizards
  A statue (D:5)
  11 gnolls
  7 adders
  A white imp (D:5)
  An ufetubus (D:5)
  2 worms (D:4)
  2 dart slugs
  27 orcs
  8 ball pythons
  9 endoplasms
  5 giant cockroaches
  9 goblins
  6 hobgoblins
  3 jackals (D:3)
  6 quokkas
  6 bats
  A frilled lizard (D:2)
  23 kobolds
  4 rats
339 creatures vanquished.

Vanquished Creatures (others)
  An angel (D:4)
  A centaur (D:8)
2 creatures vanquished.

Grand Total: 341 creatures vanquished

Notes
Turn   | Place    | Note
-------+----------+-------------------------------------------
     0 | D:1      | qw the Naga Hunter began the quest for the Orb.
     0 | D:1      | Reached XP level 1. HP: 19/19 MP: 1/1
     0 | D:1      | 0 ||| qw: Version: 0.2-a-29-g511e9b1
     0 | D:1      | 0 ||| qw: Game counter: 5615
     0 | D:1      | 0 ||| qw: Always use a shield: true
     0 | D:1      | 0 ||| qw: God list: Okawaru
     0 | D:1      | 0 ||| qw: Allow faded altars: false
     0 | D:1      | 0 ||| qw: Do Orc after D:15 true
     0 | D:1      | 0 ||| qw: Do second Lair branch before Depths: true
     0 | D:1      | 0 ||| qw: Lair rune preference: random
     0 | D:1      | 0 ||| qw: Plans: Normal
     0 | D:1      | 0 ||| PLANNING D:1-11
    17 | D:1      | 17 ||| INVOKING Spit Poison.
    21 | D:1      | 21 ||| INVOKING Spit Poison.
    71 | D:1      | 71 ||| INVOKING Spit Poison.
    72 | D:1      | 72 ||| INVOKING Spit Poison.
    93 | D:1      | 93 ||| INVOKING Spit Poison.
   121 | D:1      | 121 ||| INVOKING Spit Poison.
   123 | D:1      | Reached skill level 4 in Ranged Weapons
   123 | D:1      | Reached XP level 2. HP: 26/26 MP: 2/2
   190 | D:1      | 190 ||| INVOKING Spit Poison.
   213 | D:1      | 213 ||| INVOKING Spit Poison.
   219 | D:1      | 219 ||| INVOKING Spit Poison.
   230 | D:1      | 230 ||| INVOKING Spit Poison.
   253 | D:1      | 253 ||| INVOKING Spit Poison.
   254 | D:1      | Reached XP level 3. HP: 32/32 MP: 3/3
   256 | D:1      | 256 ||| INVOKING Spit Poison.
   276 | D:1      | Noticed a great orb of eyes
   278 | D:1      | Found a faded altar of an unknown god.
   279 | D:1      | 279 ||| INVOKING Spit Poison.
   283 | D:1      | Noticed a floating eye
   289 | D:1      | Noticed a shining eye
   290 | D:1      | Noticed an eye of devastation
   365 | D:1      | 365 ||| INVOKING Spit Poison.
   372 | D:1      | 372 ||| INVOKING Spit Poison.
   471 | D:1      | 471 ||| INVOKING Spit Poison.
   478 | D:1      | 478 ||| UPGRADING to +6 ring of strength.
   479 | D:1      | 479 ||| READING scroll labelled OCEXTEYBRIP.
   480 | D:1      | 480 ||| READING scroll labelled OJEMPO JULA.
   481 | D:1      | 481 ||| READING scroll labelled XOARIDO MYOTA.
   482 | D:1      | 482 ||| READING scroll labelled QESIUN IQEST.
   483 | D:1      | 483 ||| DROPPING scroll of butterflies.
   505 | D:2      | 505 ||| INVOKING Spit Poison.
   679 | D:2      | Identified the +0 dagger of the Eternal Void {protect,
                  | rCorr Str+2}
   757 | D:2      | 757 ||| INVOKING Spit Poison.
   764 | D:2      | 764 ||| INVOKING Spit Poison.
   971 | D:2      | 971 ||| INVOKING Spit Poison.
  1077 | D:2      | 1077 ||| INVOKING Spit Poison.
  1119 | D:2      | 1119 ||| UPGRADING to +0 helmet.
  1124 | D:2      | 1124 ||| READING scroll labelled ZYMEGE OPIPULA.
  1125 | D:2      | 1125 ||| READING scroll labelled YMUNIRGH MOSU.
  1130 | D:2      | 1130 ||| READING scroll labelled LASCHI KIUWNIT.
  1230 | D:3      | 1230 ||| INVOKING Spit Poison.
  1233 | D:3      | 1233 ||| INVOKING Spit Poison.
  1303 | D:3      | 1303 ||| INVOKING Spit Poison.
  1310 | D:3      | 1310 ||| INVOKING Spit Poison.
  1315 | D:3      | Reached skill level 5 in Ranged Weapons
  1342 | D:3      | 1342 ||| INVOKING Spit Poison.
  1346 | D:3      | 1346 ||| INVOKING Spit Poison.
  1348 | D:3      | Reached XP level 4. HP: 38/39 MP: 4/4
  1410 | D:3      | 1410 ||| INVOKING Spit Poison.
  1417 | D:3      | 1417 ||| INVOKING Spit Poison.
  1436 | D:3      | 1436 ||| INVOKING Spit Poison.
  1439 | D:3      | 1439 ||| INVOKING Spit Poison.
  1487 | D:3      | 1487 ||| INVOKING Spit Poison.
  1552 | D:3      | 1552 ||| INVOKING Spit Poison.
  1606 | D:3      | 1606 ||| INVOKING Spit Poison.
  1644 | D:3      | Found a runed translucent gate.
  1645 | D:3      | Found a runed translucent gate.
  1645 | D:3      | Noticed qw's ghost (amateur GrHu)
  1645 | D:3      | Noticed a kobold brigand
  1647 | D:3      | Found a runed translucent gate.
  1681 | D:3      | 1681 ||| INVOKING Spit Poison.
  1684 | D:3      | Reached skill level 3 in Fighting
  1686 | D:3      | 1686 ||| INVOKING Spit Poison.
  1691 | D:3      | 1691 ||| INVOKING Spit Poison.
  2102 | D:3      | 2102 ||| DRINKING 2 fuming sapphire potions.
  2103 | D:3      | 2103 ||| DROPPING potion of degeneration.
  2152 | D:4      | 2152 ||| INVOKING Spit Poison.
  2155 | D:4      | 2155 ||| INVOKING Spit Poison.
  2173 | D:4      | 2173 ||| INVOKING Spit Poison.
  2174 | D:4      | Reached XP level 5. HP: 49/49 MP: 5/5
  2195 | D:4      | Noticed an angel
  2196 | D:4      | Found a shimmering altar of Xom.
  2196 | D:4      | Found a glowing silver altar of Zin.
  2212 | D:4      | 2212 ||| INVOKING Spit Poison.
  2226 | D:4      | Killed an angel
  2228 | D:4      | 2228 ||| INVOKING Spit Poison.
  2276 | D:4      | 2276 ||| INVOKING Spit Poison.
  2318 | D:4      | 2318 ||| INVOKING Spit Poison.
  2330 | D:4      | 2330 ||| INVOKING Spit Poison.
  2355 | D:4      | Found Bocvy's Book Emporium.
  2384 | D:4      | 2384 ||| INVOKING Spit Poison.
  2389 | D:4      | 2389 ||| INVOKING Spit Poison.
  2390 | D:4      | 2390 ||| INVOKING Spit Poison.
  2488 | D:4      | Found an iron altar of Okawaru.
  2489 | D:4      | 2489 ||| PLANNING OKAWARU WORSHIP
  2489 | D:4      | 2489 ||| READING scroll labelled KEOQ LORPHU.
  2489 | D:4      | Identified a scroll of acquirement
  2489 | D:4      | 2489 ||| ACQUIRING +0 barding of Buodo {Rampage rN+ Will-
                  | rCorr}
  2489 | D:4      | Acquired the +0 barding of Buodo {Rampage rN+ Will- rCorr}
  2491 | D:4      | 2491 ||| UPGRADING to +0 barding of Buodo {Rampage rN+
                  | Will- rCorr}.
  2496 | D:4      | 2496 ||| READING scroll labelled SOSEIGG BEAL.
  2499 | D:4      | Found a bloodstained altar of Trog.
  2501 | D:4      | Found a sparkling altar of Nemelex Xobeh.
  2501 | D:4      | Found a hazy altar of Hepliaklqana.
  2505 | D:4      | Became a worshipper of Warmaster Okawaru
  2506 | D:4      | 2506 ||| PLANNING D:1-11
  2515 | D:4      | 2515 ||| INVOKING Spit Poison.
  2522 | D:4      | 2522 ||| INVOKING Spit Poison.
  2555 | D:4      | 2555 ||| INVOKING Spit Poison.
  2659 | D:4      | 2659 ||| INVOKING Spit Poison.
  2666 | D:4      | Reached skill level 1 in Armour
  2666 | D:4      | Reached XP level 6. HP: 38/56 MP: 6/6
  2745 | D:4      | 2745 ||| INVOKING Spit Poison.
  2749 | D:4      | 2749 ||| INVOKING Spit Poison.
  2750 | D:4      | Reached skill level 6 in Ranged Weapons
  2752 | D:4      | 2752 ||| FLEEEEING.
  2753 | D:4      | 2753 ||| FLEEEEING.
  2758 | D:4      | 2758 ||| STAIRDANCE
  2835 | D:3      | 2835 ||| READING scroll labelled CACAGH RYRALO.
  2836 | D:3      | 2836 ||| READING scroll labelled CYHEJI WALUC.
  2886 | D:4      | Identified the +9 dagger of Coplat {freeze, Fly rN+}
  2900 | D:4      | 2900 ||| INVOKING Spit Poison.
  2913 | D:4      | Found a sacrificial altar of Ru.
  2914 | D:4      | 2914 ||| INVOKING Spit Poison.
  2917 | D:4      | 2917 ||| INVOKING Spit Poison.
  2926 | D:4      | 2926 ||| INVOKING Spit Poison.
  2935 | D:4      | 2935 ||| INVOKING Spit Poison.
  3120 | D:4      | 3120 ||| DRINKING 2 blue potions.
  3124 | D:4      | 3124 ||| INVOKING Spit Poison.
  3131 | D:4      | 3131 ||| INVOKING Spit Poison.
  3235 | D:4      | 3235 ||| INVOKING Spit Poison.
  3355 | D:4      | 3355 ||| INVOKING Spit Poison.
  3593 | D:5      | Entered Level 5 of the Dungeon
  3594 | D:5      | 3594 ||| INVOKING Spit Poison.
  3661 | D:5      | Identified the +2 barding "Put-Me-On" {Str+3 Dex+5}
  3668 | D:5      | 3668 ||| INVOKING Spit Poison.
  3687 | D:5      | 3687 ||| INVOKING Spit Poison.
  3692 | D:5      | 3692 ||| INVOKING Spit Poison.
  3695 | D:5      | 3695 ||| INVOKING Spit Poison.
  3732 | D:5      | Found a radiant altar of Vehumet.
  3807 | D:5      | 3807 ||| INVOKING Spit Poison.
  3825 | D:5      | 3825 ||| INVOKING Spit Poison.
  3828 | D:5      | 3828 ||| INVOKING Spit Poison.
  3830 | D:5      | Reached XP level 7. HP: 64/64 MP: 7/7
  3834 | D:5      | Identified the scarf of the Hidden People {shadows, Str+4}
  3964 | D:5      | 3964 ||| INVOKING Spit Poison.
  3967 | D:5      | Reached * piety under Okawaru
  4018 | D:5      | 4018 ||| INVOKING Spit Poison.
  4023 | D:5      | 4023 ||| INVOKING Spit Poison.
  4066 | D:5      | 4066 ||| INVOKING Heroism.
  4067 | D:5      | 4067 ||| Stepping ~*~*~tactically~*~*~ (outnumbered).
  4069 | D:5      | 4069 ||| INVOKING Spit Poison.
  4075 | D:5      | 4075 ||| INVOKING Spit Poison.
  4076 | D:5      | Reached skill level 1 in Invocations
  4082 | D:5      | 4082 ||| INVOKING Spit Poison.
  4089 | D:5      | 4089 ||| INVOKING Spit Poison.
  4091 | D:5      | 4091 ||| INVOKING Heroism.
  4097 | D:5      | 4097 ||| INVOKING Spit Poison.
  4202 | D:5      | 4202 ||| INVOKING Spit Poison.
  4208 | D:5      | 4208 ||| INVOKING Spit Poison.
  4212 | D:5      | 4212 ||| INVOKING Spit Poison.
  4276 | D:5      | Found a white marble altar of Elyvilon.
  4277 | D:5      | 4277 ||| UPGRADING to +2 barding "Put-Me-On" {Str+3 Dex+5}.
  4287 | D:5      | 4287 ||| DROPPING +0 barding of Buodo {Rampage rN+ Will-
                  | rCorr}.
  4288 | D:5      | 4288 ||| UPGRADING to scarf of the Hidden People {shadows,
                  | Str+4}.
  4293 | D:5      | 4293 ||| UPGRADING to ring of protection from fire.
  4407 | D:5      | Found a blossoming altar of Fedhas.
  4543 | D:6      | Reached skill level 7 in Ranged Weapons
  4559 | D:6      | 4559 ||| INVOKING Spit Poison.
  4560 | D:6      | 4560 ||| INVOKING Spit Poison.
  4575 | D:6      | 4575 ||| INVOKING Spit Poison.
  4580 | D:6      | Reached XP level 8. HP: 70/72 MP: 9/9
  4596 | D:6      | Found a staircase to the Ecumenical Temple.
  4608 | D:6      | Found an opulent altar of Gozag.
  4654 | D:6      | Identified the +0 hand axe "Maamimp" {venom, Fly Dex+5}
  4660 | D:6      | 4660 ||| INVOKING Spit Poison.
  4665 | D:6      | 4665 ||| INVOKING Spit Poison.
  4666 | D:6      | Reached skill level 3 in Invocations
  4681 | D:6      | Noticed Blork the orc
  4682 | D:6      | 4682 ||| INVOKING Heroism.
  4684 | D:6      | 4684 ||| INVOKING Spit Poison.
  4688 | D:6      | 4688 ||| INVOKING Spit Poison.
  4693 | D:6      | 4693 ||| INVOKING Spit Poison.
  4693 | D:6      | Killed Blork the orc
  4723 | D:6      | Reached ** piety under Okawaru
  4724 | D:6      | Reached skill level 8 in Ranged Weapons
  4765 | D:6      | 4765 ||| INVOKING Heroism.
  5026 | D:6      | 5026 ||| INVOKING Heroism.
  5027 | D:6      | 5027 ||| INVOKING Spit Poison.
  5037 | D:6      | 5037 ||| INVOKING Spit Poison.
  5041 | D:6      | 5041 ||| INVOKING Spit Poison.
  5190 | D:6      | 5190 ||| INVOKING Spit Poison.
  5423 | D:6      | 5423 ||| INVOKING Heroism.
  5426 | D:6      | 5426 ||| INVOKING Spit Poison.
  5476 | D:6      | 5476 ||| INVOKING Heroism.
  5478 | D:6      | 5478 ||| INVOKING Spit Poison.
  5479 | D:6      | Reached skill level 3 in Dodging
  5497 | D:6      | 5497 ||| INVOKING Spit Poison.
  5510 | D:6      | 5510 ||| DRINKING 2 lumpy emerald potions.
  5511 | D:6      | 5511 ||| DRINKING 2 fizzy silvery potions.
  5545 | D:7      | 5545 ||| INVOKING Spit Poison.
  5553 | D:7      | 5553 ||| INVOKING Spit Poison.
  5555 | D:7      | 5555 ||| INVOKING Heroism.
  5559 | D:7      | 5559 ||| INVOKING Spit Poison.
  5565 | D:7      | 5565 ||| INVOKING Spit Poison.
  5567 | D:7      | Reached XP level 9. HP: 53/81 MP: 10/12
  5572 | D:7      | 5572 ||| INVOKING Spit Poison.
  5710 | D:7      | 5710 ||| INVOKING Spit Poison.
  5727 | D:7      | You fall into a shaft and drop 2 floors!
  5735 | D:9      | 5735 ||| INVOKING Spit Poison.
  5742 | D:9      | 5742 ||| INVOKING Spit Poison.
  5743 | D:9      | 5743 ||| Stepping ~*~*~tactically~*~*~ (outnumbered).
  5746 | D:9      | 5746 ||| INVOKING Spit Poison.
  5749 | D:9      | 5749 ||| INVOKING Spit Poison.
  5750 | D:9      | Reached skill level 9 in Ranged Weapons
  5908 | D:9      | 5908 ||| INVOKING Heroism.
  5909 | D:9      | 5909 ||| INVOKING Spit Poison.
  5916 | D:9      | 5916 ||| INVOKING Spit Poison.
  5920 | D:9      | Reached skill level 6 in Fighting
  5958 | D:9      | 5958 ||| INVOKING Spit Poison.
  5959 | D:9      | 5959 ||| INVOKING Heroism.
  5967 | D:9      | 5967 ||| INVOKING Spit Poison.
  5975 | D:9      | 5975 ||| INVOKING Spit Poison.
  5981 | D:9      | 5981 ||| INVOKING Spit Poison.
  5983 | D:9      | 5983 ||| INVOKING Heroism.
  5986 | D:9      | 5986 ||| INVOKING Spit Poison.
  5994 | D:9      | 5994 ||| INVOKING Spit Poison.
  6148 | D:9      | Noticed a troll
  6149 | D:9      | 6149 ||| INVOKING Heroism.
  6152 | D:9      | 6152 ||| INVOKING Spit Poison.
  6162 | D:9      | 6162 ||| INVOKING Spit Poison.
  6162 | D:9      | Killed a troll
  6246 | D:9      | 6246 ||| DRINKING 2 metallic puce potions.
  6255 | D:8      | 6255 ||| INVOKING Spit Poison.
  6256 | D:8      | 6256 ||| INVOKING Heroism.
  6260 | D:8      | 6260 ||| INVOKING Spit Poison.
  6267 | D:8      | 6267 ||| INVOKING Spit Poison.
  6271 | D:8      | 6271 ||| INVOKING Spit Poison.
  6275 | D:8      | 6275 ||| INVOKING Spit Poison.
  6337 | D:8      | Identified the +1 robe "Tonevyff" {Will++ rCorr}
  6361 | D:8      | 6361 ||| INVOKING Spit Poison.
  6363 | D:8      | 6363 ||| INVOKING Heroism.
  6366 | D:8      | 6366 ||| INVOKING Spit Poison.
  6369 | D:8      | Reached skill level 10 in Ranged Weapons
  6372 | D:8      | 6372 ||| INVOKING Spit Poison.
  6378 | D:8      | 6378 ||| INVOKING Spit Poison.
  6460 | D:8      | 6460 ||| UPGRADING to +1 robe "Tonevyff" {Will++ rCorr}.
  6470 | D:8      | 6470 ||| DROPPING +0 leather armour.
  6486 | D:7      | 6486 ||| INVOKING Spit Poison.
  6490 | D:7      | 6490 ||| INVOKING Spit Poison.
  6529 | D:7      | 6529 ||| INVOKING Spit Poison.
  6599 | D:7      | 6599 ||| INVOKING Spit Poison.
  6609 | D:7      | 6609 ||| INVOKING Spit Poison.
  6613 | D:7      | 6613 ||| INVOKING Spit Poison.
  6617 | D:7      | 6617 ||| INVOKING Heroism.
  6622 | D:7      | 6622 ||| INVOKING Spit Poison.
  6626 | D:7      | 6626 ||| INVOKING Spit Poison.
  6627 | D:7      | HP: 19/85 [killer bee (5)]
  6628 | D:7      | 6628 ||| READING 2 scrolls of teleportation.
  6628 | D:7      | HP: 6/85 [killer bee (4)]
  6629 | D:7      | 6629 ||| DRINKING 3 potions of heal wounds.
  6631 | D:7      | 6631 ||| INVOKING Spit Poison.
  6632 | D:7      | Reached XP level 10. HP: 25/92 MP: 11/13
  6633 | D:7      | HP: 23/92 [poisoned by a killer bee]
  6926 | D:7      | 6926 ||| INVOKING Spit Poison.
  6934 | D:7      | 6934 ||| INVOKING Spit Poison.
  6941 | D:7      | 6941 ||| INVOKING Heroism.
  6942 | D:7      | 6942 ||| INVOKING Spit Poison.
  7112 | D:7      | 7112 ||| READING scroll of enchant weapon.
  7112 | D:7      | 7112 ||| ENCHANTING +1 shortbow.
  7161 | D:7      | 7161 ||| INVOKING Spit Poison.
  7168 | D:7      | 7168 ||| INVOKING Spit Poison.
  7306 | D:7      | 7306 ||| INVOKING Spit Poison.
  7311 | D:7      | 7311 ||| INVOKING Spit Poison.
  7318 | D:7      | 7318 ||| INVOKING Spit Poison.
  7322 | D:7      | 7322 ||| INVOKING Spit Poison.
  7323 | D:7      | 7323 ||| INVOKING Spit Poison.
  7368 | D:7      | 7368 ||| INVOKING Spit Poison.
  7372 | D:7      | 7372 ||| INVOKING Spit Poison.
  7378 | D:7      | 7378 ||| INVOKING Spit Poison.
  7386 | D:7      | 7386 ||| INVOKING Spit Poison.
  7526 | D:7      | 7526 ||| READING scroll labelled GONKEREO RIM TACE.
  7627 | D:7      | 7627 ||| READING scroll labelled JUSMAU YQIL.
  7649 | D:8      | 7649 ||| INVOKING Spit Poison.
  7650 | D:8      | 7650 ||| INVOKING Heroism.
  7654 | D:8      | 7654 ||| INVOKING Spit Poison.
  7658 | D:8      | 7658 ||| INVOKING Spit Poison.
  7667 | D:8      | 7667 ||| INVOKING Spit Poison.
  7671 | D:8      | 7671 ||| STAIRDANCE
  7700 | D:8      | 7700 ||| INVOKING Spit Poison.
  7704 | D:8      | 7704 ||| INVOKING Heroism.
  7708 | D:8      | 7708 ||| INVOKING Spit Poison.
  7715 | D:8      | 7715 ||| INVOKING Spit Poison.
  7716 | D:8      | 7716 ||| INVOKING Spit Poison.
  7734 | D:8      | 7734 ||| STAIRDANCE
  7872 | D:8      | 7872 ||| INVOKING Spit Poison.
  7949 | D:8      | 7949 ||| INVOKING Spit Poison.
  7995 | D:8      | 7995 ||| READING scroll of enchant weapon.
  7995 | D:8      | 7995 ||| ENCHANTING +2 shortbow.
  8150 | D:8      | 8150 ||| INVOKING Heroism.
  8153 | D:8      | 8153 ||| INVOKING Spit Poison.
  8159 | D:8      | 8159 ||| INVOKING Spit Poison.
  8165 | D:8      | Reached skill level 11 in Ranged Weapons
  8181 | D:8      | 8181 ||| INVOKING Spit Poison.
  8309 | D:8      | 8309 ||| UPGRADING to +1 helmet.
  8319 | D:8      | 8319 ||| DROPPING +0 helmet.
  8320 | D:8      | 8320 ||| DRINKING 2 cyan potions.
  8320 | D:8      | Gained mutation: Your body sometimes deteriorates upon
                  | taking damage. [potion of mutation]
  8320 | D:8      | Gained mutation: You have a pair of small horns on your
                  | head. [potion of mutation]
  8320 | D:8      | Gained mutation: Your mind is acute. (Int +4, Str/Dex -1)
                  | [potion of mutation]
  8321 | D:8      | 8321 ||| DROPPING +1 helmet.
  8348 | D:9      | 8348 ||| INVOKING Spit Poison.
  8352 | D:9      | 8352 ||| INVOKING Spit Poison.
  8356 | D:9      | 8356 ||| INVOKING Spit Poison.
  8873 | D:9      | 8873 ||| READING scroll of enchant weapon.
  8873 | D:9      | 8873 ||| ENCHANTING +3 shortbow.
  8921 | D:9      | 8921 ||| DRINKING 3 golden potions.
  8922 | D:9      | 8922 ||| READING 2 scrolls of identify.
  8922 | D:9      | 8922 ||| IDENTIFYING red potion
  8923 | D:9      | 8923 ||| DROPPING potion of berserk rage.
  8924 | D:9      | 8924 ||| DROPPING 2 potions of brilliance.
  8948 | D:10     | Entered Level 10 of the Dungeon
  8968 | D:10     | Found Toetur Adayd's Demolitions Depot.
  9041 | D:10     | Found a runed translucent door.
  9041 | D:10     | Noticed qw's ghost (novice NaHu)
  9089 | D:10     | Found an ornate altar of the Wu Jian Council.
  9160 | D:10     | Noticed a two-headed ogre
  9161 | D:10     | 9161 ||| INVOKING Heroism.
  9162 | D:10     | 9162 ||| INVOKING Spit Poison.
  9166 | D:10     | 9166 ||| INVOKING Spit Poison.
  9170 | D:10     | 9170 ||| INVOKING Spit Poison.
  9170 | D:10     | Killed a two-headed ogre
  9243 | D:10     | 9243 ||| INVOKING Spit Poison.
  9248 | D:10     | 9248 ||| INVOKING Spit Poison.
  9356 | D:10     | 9356 ||| INVOKING Heroism.
  9357 | D:10     | 9357 ||| INVOKING Spit Poison.
  9361 | D:10     | 9361 ||| INVOKING Spit Poison.
  9377 | D:10     | 9377 ||| READING scroll of enchant weapon.
  9377 | D:10     | 9377 ||| ENCHANTING +4 shortbow.
  9438 | D:10     | Noticed Joseph
  9439 | D:10     | 9439 ||| INVOKING Spit Poison.
  9444 | D:10     | 9444 ||| INVOKING Heroism.
  9445 | D:10     | 9445 ||| INVOKING Spit Poison.
  9452 | D:10     | 9452 ||| INVOKING Spit Poison.
  9453 | D:10     | Killed Joseph
  9453 | D:10     | Reached *** piety under Okawaru
  9660 | D:10     | Noticed a gargoyle
  9669 | D:10     | 9669 ||| INVOKING Heroism.
  9675 | D:10     | HP: 22/98 [gargoyle/stone arrow (19)]
  9676 | D:10     | 9676 ||| READING 5 scrolls of teleportation.
  9677 | D:10     | 9677 ||| DRINKING 2 potions of heal wounds.
  9679 | D:10     | 9679 ||| DRINKING potion of heal wounds.
  9870 | D:10     | Noticed a kobold demonologist
  9871 | D:10     | 9871 ||| INVOKING Spit Poison.
  9874 | D:10     | 9874 ||| INVOKING Spit Poison.
  9877 | D:10     | Killed a kobold demonologist
 10098 | D:10     | 10098 ||| INVOKING Heroism.
 10099 | D:10     | 10099 ||| INVOKING Spit Poison.
 10103 | D:10     | 10103 ||| INVOKING Spit Poison.
 10195 | D:10     | 10195 ||| INVOKING Heroism.
 10196 | D:10     | 10196 ||| INVOKING Spit Poison.
 10202 | D:10     | 10202 ||| INVOKING Spit Poison.
 10204 | D:10     | Reached skill level 12 in Ranged Weapons
 10216 | D:10     | Killed a gargoyle
 10217 | D:10     | Reached XP level 11. HP: 75/104 MP: 14/14
 10376 | D:10     | 10376 ||| UPGRADING to +0 pair of gloves.
 10381 | D:10     | 10381 ||| DROPPING +0 steam dragon scales.
 10382 | D:10     | 10382 ||| READING 3 scrolls of identify.
 10382 | D:10     | 10382 ||| IDENTIFYING fuming inky potion
 10383 | D:10     | 10383 ||| READING 2 scrolls of identify.
 10383 | D:10     | 10383 ||| IDENTIFYING bubbling coppery potion
 10384 | D:10     | 10384 ||| DROPPING potion of enlightenment.
 10451 | D:11     | 10451 ||| INVOKING Spit Poison.
 10598 | D:11     | Identified the +5 scale mail "Jionotz" {Int+5 Stlth+}
 10672 | D:11     | 10672 ||| INVOKING Spit Poison.
 10677 | D:11     | 10677 ||| INVOKING Spit Poison.
 10683 | D:11     | Noticed a cyclops
 10684 | D:11     | 10684 ||| INVOKING Heroism.
 10685 | D:11     | 10685 ||| INVOKING Spit Poison.
 10695 | D:11     | 10695 ||| INVOKING Spit Poison.
 10699 | D:11     | 10699 ||| INVOKING Spit Poison.
 10709 | D:11     | 10709 ||| INVOKING Spit Poison.
 10709 | D:11     | Killed a cyclops
 10714 | D:11     | 10714 ||| INVOKING Heroism.
 10734 | D:11     | Reached **** piety under Okawaru
 10764 | D:11     | 10764 ||| INVOKING Spit Poison.
 10769 | D:11     | 10769 ||| INVOKING Heroism.
 10770 | D:11     | 10770 ||| INVOKING Spit Poison.
 10879 | D:11     | Found a staircase to the Lair.
 10962 | D:11     | 10962 ||| INVOKING Heroism.
 10966 | D:11     | Reached skill level 13 in Ranged Weapons
 11081 | D:11     | Found a frozen archway.
 11260 | D:11     | Noticed Amaemon
 11261 | D:11     | 11261 ||| INVOKING Heroism.
 11263 | D:11     | 11263 ||| INVOKING Spit Poison.
 11272 | D:11     | 11272 ||| INVOKING Spit Poison.
 11278 | D:11     | Killed Amaemon
 11279 | D:11     | Reached skill level 9 in Fighting
 11503 | D:11     | 11503 ||| PLANNING LAIR
 11503 | D:11     | 11503 ||| DROPPING amulet of magic regeneration.
 11504 | D:11     | 11504 ||| DRINKING 2 fizzy ruby potions.
 11527 | D:11     | 11527 ||| DROPPING potion of lignification.
 11556 | Lair:1   | Entered Level 1 of the Lair of Beasts
 11557 | Lair:1   | 11557 ||| INVOKING Heroism.
 11558 | Lair:1   | 11558 ||| INVOKING Spit Poison.
 11566 | Lair:1   | 11566 ||| INVOKING Spit Poison.
 11570 | Lair:1   | 11570 ||| INVOKING Spit Poison.
 11580 | Lair:1   | 11580 ||| INVOKING Spit Poison.
 11584 | Lair:1   | 11584 ||| INVOKING Spit Poison.
 11690 | Lair:1   | Noticed a death yak
 11690 | Lair:1   | Noticed a death yak
 11691 | Lair:1   | 11691 ||| INVOKING Heroism.
 11692 | Lair:1   | 11692 ||| INVOKING Spit Poison.
 11692 | Lair:1   | Noticed a death yak
 11701 | Lair:1   | 11701 ||| INVOKING Spit Poison.
 11707 | Lair:1   | 11707 ||| INVOKING Spit Poison.
 11712 | Lair:1   | Killed a death yak
 11712 | Lair:1   | HP: 22/106 [death yak (19)]
 11713 | Lair:1   | 11713 ||| READING 5 scrolls of teleportation.
 11714 | Lair:1   | 11714 ||| DRINKING potion of heal wounds.
 11716 | Lair:1   | 11716 ||| INVOKING Spit Poison.
 11717 | Lair:1   | HP: 20/106 [death yak (13)]
 11753 | Lair:1   | 11753 ||| INVOKING Heroism.
 11757 | Lair:1   | 11757 ||| INVOKING Spit Poison.
 11967 | Lair:1   | 11967 ||| INVOKING Spit Poison.
 11974 | Lair:1   | 11974 ||| INVOKING Spit Poison.
 11979 | Lair:1   | 11979 ||| INVOKING Spit Poison.
 12046 | Lair:1   | 12046 ||| INVOKING Heroism.
 12068 | Lair:1   | 12068 ||| INVOKING Heroism.
 12076 | Lair:1   | Reached skill level 6 in Invocations
 12106 | Lair:1   | 12106 ||| INVOKING Spit Poison.
 12112 | Lair:1   | 12112 ||| INVOKING Spit Poison.
 12116 | Lair:1   | 12116 ||| INVOKING Spit Poison.
 12193 | Lair:1   | 12193 ||| INVOKING Spit Poison.
 12197 | Lair:1   | 12197 ||| INVOKING Spit Poison.
 12207 | Lair:1   | 12207 ||| INVOKING Spit Poison.
 12209 | Lair:1   | 12209 ||| INVOKING Heroism.
 12211 | Lair:1   | Reached XP level 12. HP: 76/114 MP: 13/16
 12364 | Lair:1   | 12364 ||| INVOKING Heroism.
 12586 | Lair:1   | 12586 ||| INVOKING Heroism.
 12600 | Lair:1   | Killed a death yak
 12601 | Lair:1   | Reached skill level 6 in Dodging
 12617 | Lair:1   | Killed a death yak
 13058 | Lair:1   | 13058 ||| INVOKING Heroism.
 13087 | Lair:1   | 13087 ||| INVOKING Heroism.
 13141 | Lair:1   | 13141 ||| INVOKING Heroism.
 13595 | Lair:1   | 13595 ||| UPGRADING to +1 cloak.
 13605 | Lair:1   | 13605 ||| DROPPING scarf of the Hidden People {shadows,
                  | Str+4}.
 13705 | Lair:2   | 13705 ||| INVOKING Heroism.
 13837 | Lair:2   | 13837 ||| INVOKING Heroism.
 13917 | Lair:2   | Noticed Erica
 13918 | Lair:2   | 13918 ||| INVOKING Heroism.
 13927 | Lair:2   | Killed Erica
 13927 | Lair:2   | Received a gift from Okawaru
 13928 | Lair:2   | Reached skill level 3 in Armour
 14078 | Lair:2   | 14078 ||| INVOKING Heroism.
 14240 | Lair:2   | Reached skill level 14 in Ranged Weapons
 14254 | Lair:2   | 14254 ||| INVOKING Heroism.
 14478 | Lair:2   | Found a staircase to the Swamp.
 14490 | Lair:2   | Reached skill level 9 in Invocations
 14604 | Lair:2   | Found a transporter.
 14640 | Lair:2   | Found a staircase to the Snake Pit.
 14655 | Lair:2   | 14655 ||| INVOKING Heroism.
 14777 | Lair:2   | Found a transporter.
 15043 | Lair:2   | 15043 ||| DROPPING amulet of guardian spirit.
 15044 | Lair:2   | 15044 ||| READING scroll labelled CIGGIQOOTA.
 15264 | Lair:3   | 15264 ||| INVOKING Heroism.
 15420 | Lair:3   | Gained mutation: You can use your snake-like lower body to
                  | constrict enemies. [Naga growth]
 15420 | Lair:3   | Reached XP level 13. HP: 103/123 MP: 20/20
 15629 | Lair:3   | 15629 ||| INVOKING Heroism.
 15771 | Lair:3   | 15771 ||| INVOKING Heroism.
 16442 | Lair:3   | 16442 ||| READING 2 scrolls of identify.
 16442 | Lair:3   | 16442 ||| IDENTIFYING fizzy blue potion
 16527 | Lair:4   | 16527 ||| INVOKING Heroism.
 16716 | Lair:4   | Found a runed translucent door.
 16732 | Lair:4   | Noticed qw's ghost (journeyman GrHu)
 16733 | Lair:4   | Identified the +3 spear "Koim" {freeze, Will+}
 16940 | Lair:4   | 16940 ||| READING scroll of acquirement.
 16940 | Lair:4   | 16940 ||| ACQUIRING +4 arbalest of flaming
 16940 | Lair:4   | Acquired a +4 arbalest of flaming
 16942 | Lair:4   | 16942 ||| UPGRADING to +4 arbalest of flaming.
 16943 | Lair:4   | 16943 ||| DROPPING +5 shortbow.
 16951 | Lair:4   | 16951 ||| INVOKING Heroism.
 16970 | Lair:4   | Found a viscous altar of Jiyva.
 16970 | Lair:4   | Found a staircase to the Slime Pits.
 18178 | Lair:4   | 18178 ||| Stepping randomly (stuck).
 18192 | Lair:5   | Entered Level 5 of the Lair of Beasts
 18281 | Lair:5   | Reached ***** piety under Okawaru
 18284 | Lair:5   | 18284 ||| INVOKING Heroism.
 18288 | Lair:5   | HP: 31/124 [poisoned by a black mamba]
 18289 | Lair:5   | 18289 ||| READING 6 scrolls of teleportation.
 18289 | Lair:5   | HP: 9/124 [cane toad (14)]
 18289 | Lair:5   | Slain by a cane toad

Levels and vault maps discovered:
D:1:      denvon_arrival_planthouse, layout_basic,
          hellmonk_ecumenical_altar_watching_god
D:2:      layout_basic, hangedman_decor_points
D:3:      minmay_spotlight, layout_loops_cross, gammafunk_ghost_nasty_kobolds,
          serial_bayou_pond_a, minmay_misc_feat_cross,
          chequers_serial_rivers_small_3
D:4:      nicolae_cairo_tiling_large, layout_layer_cave,
          grunt_temple_overflow_order_and_chaos_1, grunt_temple_overflow_open,
          nicolae_ru_great_annihilating_truth, serial_shops, shop,
          minmay_cut_off
D:5:      layout_basic, kennysheep_mini, mainiacjoe_overflow_cross_hatched,
          vehumet_statue, hangedman_abyss_or_decor_passed
D:6:      layout_cave_pods, mainiacjoe_overflow_paths,
          minmay_temple_entry_steel_oval, uniq_blork_the_orc
D:7:      layout_basic, minmay_misc_feat_x
D:8:      layout_loops_cross
D:9:      layout_roguey, enter_bailey_2
D:10:     layout_loops_corners, mainiacjoe_overflow_brackets,
          hellmonk_ghost_happy_afterlife, nicolae_blasting_shop, uniq_joseph
D:11:     layout_roguey, hellmonk_lair_entry_icy,
          portal_ice_cave_entry_pillars_2, serial_bayou_ford_a, uniq_amaemon
Lair:1:   statuecave_lemuel, layout_cave_pods, st_stairs_8,
          chequers_serial_rivers_micro_a
Lair:2:   gammafunk_cloud_chamber, layout_big_grid, skrybe_swamp_entry_bodies,
          nicolae_snake_entry_warm_welcome, uniq_erica
Lair:3:   layout_layer_cave, amcnicky_mini_pool_medium
Lair:4:   layout_gridlike, slime_entry_1, ebering_ghost_funeral_grove,
          grunt_megastairs_2, infiniplex_staircase_pool_2, serial_bayou_shore_a
Lair:5:   hangedman_lair_tendril_chambers, layout_cave_pods, gammafunk_ghost_icy

Skill      XL: |  1  2  3  4  5  6  7  8  9 10 11 12 13 |
---------------+----------------------------------------+-----
Ranged Weapons | 4 5 6 7 8 10 12 13 14 | 14.4
Fighting       | 3 4 5 6 8 9 10 | 10.5
Armour         | 1 2 3 4 |  4.0
Dodging        | 2 3 4 5 6 7 |  7.0
Invocations    | 2 4 6 9 10 | 10.1
Stealth        | |  1.5

Action                     |  1- 3 |  4- 6 |  7- 9 | 10-12 | 13-15 || total
---------------------------+-------+-------+-------+-------+-------++-------
   Fire: Shortbow          |    74 |   112 |   289 |   835 |   165 ||  1475
         Arbalest          |       |       |       |       |    61 ||    61
 Invoke: Heroism           |       |       |    15 |    33 |     5 ||    53
Ability: Spit Poison       |    26 |    42 |    63 |    74 |       ||   205
    Use: Scroll            |     7 |     4 |     1 |    12 |     3 ||    27
         Potion            |       |     2 |     4 |     6 |       ||    12
 Armour: Leather armour    |     6 |    11 |    78 |       |       ||    95
         Robe              |       |       |    32 |   212 |    35 ||   279
  Dodge: Dodged            |    20 |    21 |   156 |   377 |    74 ||   648

Table legend:
 A = Non-vault XP
 B = Vault XP
 C = Vault XP percentage of total XP
 D = Non-vault monster count
 E = Vault monster count
 F = Vault count percentage of total count
                 A         B        C        D         E       F
            +---------+---------+-------+---------+---------+-------
      Total |   32134 |    9766 |  23.3 |     291 |      49 |  14.4
            +---------+---------+-------+---------+---------+-------
        D:1 |      47 |       0 |   0.0 |      19 |       0 |   0.0
        D:2 |      19 |       0 |   0.0 |      11 |       0 |   0.0
        D:3 |      74 |      15 |  16.9 |      15 |       2 |  11.8
        D:4 |     248 |      55 |  18.2 |      22 |       9 |  29.0
        D:5 |     421 |      32 |   7.1 |      19 |       1 |   5.0
        D:6 |    1188 |      99 |   7.7 |      18 |       1 |   5.3
        D:7 |    1281 |       0 |   0.0 |      35 |       0 |   0.0
        D:8 |    1358 |       0 |   0.0 |      24 |       0 |   0.0
        D:9 |    1717 |       0 |   0.0 |      21 |       0 |   0.0
       D:10 |    2552 |     471 |  15.6 |      13 |       1 |   7.1
       D:11 |    1877 |    3046 |  61.9 |       8 |      15 |  65.2
     Lair:1 |    8228 |     403 |   4.7 |      31 |       1 |   3.1
     Lair:2 |    4522 |    2209 |  32.8 |      20 |       6 |  23.1
     Lair:3 |    4004 |    1730 |  30.2 |      17 |       8 |  32.0
     Lair:4 |    3011 |     838 |  21.8 |      12 |       2 |  14.3
     Lair:5 |    1587 |     868 |  35.4 |       6 |       3 |  33.3
            +---------+---------+-------+---------+---------+-------
